 Dungeon Crawl Stone Soup version 0.29.0-4-gdea44cf6ec (webtiles) character file.

Game seed: 11799524755264243981

80 qw the Chopper (level 4, -1/26 HPs)
             Began as a Tengu Warper on Aug 29, 2022.
             Slain by an orc
             ... wielding a +2 whip of electrocution
              (9 damage)
             ... on level 2 of the Dungeon.
             The game lasted 00:00:10 (1287 turns).

qw the Chopper (Tengu Warper)                       Turns: 1287, Time: 00:00:10

Health: -1/26      AC:  5    Str: 13    XL:     4   Next: 39%
Magic:  8/8        EV: 11    Int: 14    God:
Gold:   27         SH:  0    Dex: 13    Spells: 7/7 levels left

rFire   . . .      SeeInvis .   Y - +0 hand axe
rCold   . . .      Faith    .   (no shield)
rNeg    . . .      Spirit   .   g - +0 ring mail
rPois   .          Reflect  .   (helmet restricted)
rElec   .          Harm     .   (no cloak)
rCorr   .          Rampage  .   (no gloves)
Will    .....                   (boots unavailable)
Stlth   +.........              (no amulet)
HPRegen 0.08/turn               (no ring)
MPRegen 0.11/turn               (no ring)

@: no status effects
A: beak, talons 3
a: no special abilities


You were on level 2 of the Dungeon.
You visited 1 branch of the dungeon, and saw 2 of its levels.

You collected 27 gold pieces.


Innate Abilities, Weirdness & Mutations

You have a beak for a mouth.
You have claws for feet.


   Skills:
 - Level 2.0 Fighting
 + Level 5.0 Axes
 - Level 1.0 Throwing
 - Level 1.1 Armour
 - Level 2.1 Dodging
 - Level 2.0 Spellcasting
 - Level 2.4 Translocations


You had 7 spell levels left.
You didn't know any spells.
Your spell library contained the following spells:

 Spells                   Type           Power      Damage    Failure   Level
 Blink                    Tloc           16%        N/A       28%         2
 Gell's Gravitas          Tloc           8%         N/A       50%         3
 Lesser Beckoning         Tloc           8%         N/A       50%         3
 Teleport Other           Tloc           8%         N/A       50%         3
 Manifold Assault         Tloc           8%         N/A       99%         5

Inventory:

Hand Weapons
 d - a +0 whip
 Y - a +0 hand axe (weapon)
Armour
 g - a +0 ring mail (worn)
Jewellery
 b - an amulet of regeneration
Scrolls
 j - 2 scrolls of identify
Potions
 a - 2 potions of curing {unknown}
 e - a potion of attraction {unknown}
 i - a potion of degeneration {unknown}

Dungeon Overview and Level Annotations

Branches:
Dungeon (2/15)

Altars:


Message History

You kill the jackal!
You start resting.
HP restored.
a - 2 red potions (gained 1)
A goblin comes into view. It is wielding a +0 dagger.
The goblin shouts!
You hit the goblin but do no damage. You claw the goblin.
The goblin is moderately wounded.
The goblin hits you with a +0 dagger.
You barely miss the goblin. You peck the goblin.
You kill the goblin!
You start resting.
HP restored.
Found a stone staircase leading up.
Enter note:
Enter note:
Found a ring mail.
There is an open door here. 2 orcs come into view.
An orc is wielding a +2 whip of electrocution.
Enter note: You hit the orc but do no damage.
You peck the orc, but do no damage. You hit the orc.
The orc hits you but does no damage. The orc misses you.
You hit the orc. You claw the orc.
You kill the orc!
You hit the orc but do no damage. The orc hits you but does no damage.
You are electrocuted!
Ouch! That really hurt!
Your Axes skill increases to level 5!
You hit the orc but do no damage. You peck the orc.
The orc is lightly wounded.
The orc hits you with a +2 whip of electrocution.
You hit the orc. You claw the orc, but do no damage.
The orc is heavily wounded.
The orc barely misses you. The orc closely misses you.
You barely miss the orc. You claw the orc, but do no damage.
The orc is heavily wounded.
The orc hits you but does no damage.
You are electrocuted!
You die...

#. #.......# #.# . #.......# #...
.. #.......# #...#### ...
#.8...8.# #....... .
..#.......#.# #....... ..
......... #.#.####.% ...###o)..#
#.#....... #....@# #.###%...#
#.....#######.).....##
+.....'.......#.###.##
#.....####....#...#.## .
.#..#......[....#.###.#.##
.######.#..#.....###..<......#.##
...........#.....#............+#.
...........#####.#...##.....#....
#.......#.######.#.....#....#....


You could see an orc.

Vanquished Creatures
  3 adders (D:2)
  A worm (D:2)
  2 dart slugs
  An orc (D:2)
  A ball python (D:2)
  2 endoplasms (D:1)
  2 giant cockroaches (D:1)
  3 goblins
  6 hobgoblins
  3 jackals (D:2)
  4 bats (D:1)
  2 frilled lizards
  5 kobolds
  7 rats
42 creatures vanquished.

Notes
Turn   | Place    | Note
-------+----------+-------------------------------------------
     0 | D:1      | qw the Tengu Warper began the quest for the Orb.
     0 | D:1      | Reached XP level 1. HP: 12/12 MP: 4/4
     0 | D:1      | 0 ||| qw: Version: 0.1-a-89-g26bdef1
     0 | D:1      | 0 ||| qw: Game counter: 3487
     0 | D:1      | 0 ||| qw: Always use a shield: true
     0 | D:1      | 0 ||| qw: God list: Okawaru
     0 | D:1      | 0 ||| qw: Allow faded altars: false
     0 | D:1      | 0 ||| qw: Do Orc after D:15 true
     0 | D:1      | 0 ||| qw: Do second Lair branch before Depths: true
     0 | D:1      | 0 ||| qw: Lair rune preference: random
     0 | D:1      | 0 ||| qw: Plans: Normal
     0 | D:1      | 0 ||| PLANNING D:1-11
    75 | D:1      | Reached skill level 3 in Axes
    75 | D:1      | Reached XP level 2. HP: 17/17 MP: 6/6
    90 | D:1      | 90 ||| Stepping ~*~*~tactically~*~*~ (hiding).
   172 | D:1      | 172 ||| Stepping ~*~*~tactically~*~*~ (stealth).
   173 | D:1      | 173 ||| Stepping ~*~*~tactically~*~*~ (stealth).
   207 | D:1      | 207 ||| Stepping ~*~*~tactically~*~*~ (stealth).
   211 | D:1      | 211 ||| Stepping ~*~*~tactically~*~*~ (stealth).
   213 | D:1      | 213 ||| Stepping ~*~*~tactically~*~*~ (stealth).
   214 | D:1      | 214 ||| Stepping ~*~*~tactically~*~*~ (stealth).
   219 | D:1      | 219 ||| Stepping ~*~*~tactically~*~*~ (stealth).
   220 | D:1      | 220 ||| Stepping ~*~*~tactically~*~*~ (stealth).
   222 | D:1      | 222 ||| Stepping ~*~*~tactically~*~*~ (stealth).
   254 | D:1      | 254 ||| Stepping ~*~*~tactically~*~*~ (stealth).
   258 | D:1      | 258 ||| Stepping ~*~*~tactically~*~*~ (stealth).
   291 | D:1      | 291 ||| DROPPING +0 club.
   389 | D:1      | Reached XP level 3. HP: 11/21 MP: 7/7
   696 | D:1      | 696 ||| UPGRADING to +0 ring mail.
   706 | D:1      | 706 ||| DROPPING +0 leather armour.
   707 | D:1      | 707 ||| DROPPING ring of wizardry.
   708 | D:1      | 708 ||| READING scroll labelled YXUEGYUKHLI.
   709 | D:1      | 709 ||| READING scroll labelled FYPSERCH LAPT.
   713 | D:1      | 713 ||| READING 2 scrolls labelled FIFYSCHELOT.
   714 | D:1      | 714 ||| READING 3 scrolls labelled HUONEADAORCH.
   715 | D:1      | 715 ||| DROPPING scroll of blinking.
   716 | D:1      | 716 ||| DROPPING 2 scrolls of amnesia.
   779 | D:2      | 779 ||| Stepping ~*~*~tactically~*~*~ (stealth).
   841 | D:2      | 841 ||| Stepping ~*~*~tactically~*~*~ (hiding).
   844 | D:2      | Reached skill level 4 in Axes
   847 | D:2      | 847 ||| Stepping ~*~*~tactically~*~*~ (hiding).
   848 | D:2      | 848 ||| Stepping ~*~*~tactically~*~*~ (hiding).
   984 | D:2      | 984 ||| Stepping ~*~*~tactically~*~*~ (stealth).
  1056 | D:2      | 1056 ||| Stepping ~*~*~tactically~*~*~ (stealth).
  1110 | D:2      | Reached XP level 4. HP: 26/26 MP: 8/8
  1285 | D:2      | Reached skill level 5 in Axes
  1287 | D:2      | Slain by an orc

Levels and vault maps discovered:
D:1:      dpeg_arrival_more_subterranean_lakeside_camping, layout_rooms,
          st_stairs_2
D:2:      cheibrodos_pilgrimage, layout_basic, minmay_misc_feat_chi,
          serial_park_tiny_1

Skill      XL: |  1  2  3  4 |
---------------+-------------+-----
Axes           | 3 4 5 |  5.0
Fighting       | |  2.0
Throwing       | |  1.0
Armour         | |  1.1
Dodging        | |  2.1
Spellcasting   | |  2.0
Translocations | |  2.4

Action                   |  1- 3 |  4- 6 || total
-------------------------+-------+-------++-------
Melee: Hand axe          |    68 |    14 ||    82
       Kick              |    13 |     6 ||    19
       Peck              |    12 |     4 ||    16
Throw: Javelin           |    13 |       ||    13
       Boomerang         |     7 |       ||     7
  Use: Scroll            |     4 |       ||     4
Armor: Leather armour    |     7 |       ||     7
       Ring mail         |    11 |     5 ||    16
Dodge: Dodged            |    38 |     7 ||    45

Table legend:
 A = Non-vault XP
 B = Vault XP
 C = Vault XP percentage of total XP
 D = Non-vault monster count
 E = Vault monster count
 F = Vault count percentage of total count
                 A         B        C        D         E       F
            +---------+---------+-------+---------+---------+-------
      Total |     108 |       7 |   6.1 |      39 |       3 |   7.1
            +---------+---------+-------+---------+---------+-------
        D:1 |      35 |       4 |  10.3 |      20 |       2 |   9.1
        D:2 |      73 |       3 |   3.9 |      19 |       1 |   5.0
            +---------+---------+-------+---------+---------+-------
